 Dungeon Crawl Stone Soup version 0.31-a0-675-g238779eb0a (webtiles) character file.

Game seed: 2896282966694922625

58 qw the Shooter (level 4, -1/28 HPs)
             Began as a Gargoyle Hunter on Sept 5, 2023.
             Slain by a goblin
             ... wielding a +2 dagger of distortion
             ... led by Robin
              (23 damage)
             ... on level 2 of the Dungeon.
             The game lasted 00:00:34 (1552 turns).

qw the Shooter (Gargoyle Hunter)                    Turns: 1552, Time: 00:00:35

Health: -1/28      AC:  7    Str: 14    XL:     4   Next: 2%
Magic:  4/4        EV: 11    Int: 10    God:
Gold:   98         SH:  0    Dex: 15    Spells: 3/3 levels left

rFire   . . .        Y - +0 shortbow (drain)
rCold   . . .        (shield currently unavailable)
rNeg    + + .        c - +0 leather armour
rPois   inf          (no helmet)
rElec   +            (no cloak)
rCorr   .            l - +0 pair of gloves
SInv    .            (no boots)
Will    .....        (no amulet)
Stlth   ++           f - ring of positive energy
HPRegen 0.24/turn    (no ring)
MPRegen 0.09/turn

%: no passive effects
@: no status effects
A: sickness immunity, AC +3, negative energy resistance 1, electricity
resistance, torment resistance 1, petrification resistance
a: no special abilities


You were on level 2 of the Dungeon.
You visited 1 branch of the dungeon, and saw 3 of its levels.

You collected 98 gold pieces.


Innate Abilities, Weirdness & Mutations

You are immune to sickness and miasma.
Your stone body is resilient. (AC +3)
You are immune to poison.
You resist negative energy. (rN+)
You are resistant to electric shocks. (rElec)
You are resistant to unholy torment.
You are immune to petrification.


   Skills:
 - Level 3.2 Fighting
 + Level 5.0 Ranged Weapons
 - Level 1.5 Dodging
 - Level 1.1 Stealth


You had 3 spell levels left.
You didn't know any spells.
Your spell library was empty.

Inventory:

Hand Weapons
 Y - a +0 shortbow of draining (weapon)
Armour
 c - a +0 leather armour (worn)
 l - a +0 pair of gloves (worn)
Jewellery
 f - a ring of positive energy (left hand)
Scrolls
 d - a scroll of identify
Potions
 a - a potion of might
 e - a potion of berserk rage {unknown}
 g - a potion of enlightenment
 h - a potion of heal wounds
 i - 2 potions of curing
 j - a potion of attraction {unknown}
 m - a potion of brilliance {unknown}
 o - a potion of cancellation {unknown}

Dungeon Overview and Level Annotations

Branches:
Dungeon (3/15)

Altars:

Annotations:
D:3 Robin


Message History

The arrow hits the goblin.
You kill the goblin!
The goblin hits you but does no damage. x2; The ball python bites you.
The ball python constricts you.
The giant cockroach bites you but does no damage.
A rat comes into view.
You have reached level 4!
You feel clever.
You shoot an arrow. The arrow hits the ball python.
You kill the ball python!
The goblin hits you with a +0 dagger. The goblin hits you with a +0 club.
The giant cockroach bites you but does no damage.
The worm closely misses you. The goblin closely misses you. x2
The goblin hits you with a +2 dagger of distortion.
Space warps around you.
1548 ||| STAIRDANCE The giant cockroach bites you but does no damage.
The goblin completely misses you. The worm bites you but does no damage.
The goblin closely misses you. The goblin hits you but does no damage.
You climb upwards.
There is a stone staircase leading down here.
You shoot an arrow. The arrow hits the worm.
You drain the worm.
The worm is severely wounded.
The giant cockroach barely misses you.
The giant cockroach bites you but does no damage.
The goblin completely misses you. The goblin barely misses you.
The goblin hits you with a +0 club.
You shoot an arrow. The arrow hits the worm.
You drain the worm.
The worm is almost dead.
The giant cockroach closely misses you. The worm barely misses you.
The goblin hits you with a +2 dagger of distortion.
Space warps around you. The goblin completely misses you.
The goblin hits you with a +0 dagger.
1552 ||| DRINKING 2 potions of heal wounds.
You feel much better. The giant cockroach bites you.
The goblin completely misses you. The goblin hits you with a +0 dagger.
The goblin hits you with a +2 dagger of distortion.
Space warps horribly around you!!
Ouch! That really hurt!
You die...

#~.~.###.#.##.########.####
#.#
~~~.~.##.#.##............#
#.#
~..~~..#.#.#######...###.#
#.# ~..~~..#.#.#######.###
#.####.#
#~~7~#.#.#......##.#
#.#<...#
#.~.##.#.######....#
#.###### ######.#.# ##.)###
#......# # #.#.# #..Bg.###
######.# #.#.# #..@..'.#
#.# #.#.# #.ggw.#.# #.#
####.#.# #.....#.# #.#
#....#.# #.....#.# #.#
#.####.# #######.# #.# #.#
#.###########.# #.# #.#
#.............# #.# #.#
############### #.# #.# #.#


You could see a worm (very drained), a giant cockroach and 3 goblins.

Vanquished Creatures
  An adder (D:2)
  A dart slug (D:1)
  4 bats
  3 endoplasms
  4 giant cockroaches
  3 goblins
  7 hobgoblins
  A jackal (D:1)
  4 quokkas
  8 ball pythons
  2 frilled lizards
  3 kobolds
  A rat (D:1)
42 creatures vanquished.

Notes
Turn   | Place    | Note
-------+----------+-------------------------------------------
     0 | D:1      | qw the Gargoyle Hunter began the quest for the Orb.
     0 | D:1      | Reached XP level 1. HP: 12/12 MP: 1/1
     0 | D:1      | 0 ||| qw: Version: 0.3-a-75-g829b12e
     0 | D:1      | 0 ||| qw: Game counter: 186
     0 | D:1      | 0 ||| qw: Melee chars always use a shield: true
     0 | D:1      | 0 ||| qw: God list: Okawaru
     0 | D:1      | 0 ||| qw: Allow faded altars: false
     0 | D:1      | 0 ||| qw: Do Orc after clearing Dungeon:15 true
     0 | D:1      | 0 ||| qw: Do second Lair branch before Depths: true
     0 | D:1      | 0 ||| qw: Lair rune preference: random
     0 | D:1      | 0 ||| qw: Goals: Normal
     0 | D:1      | 0 ||| PLANNING D:1-11
    48 | D:1      | Reached XP level 2. HP: 17/17 MP: 2/2
    92 | D:1      | 92 ||| Stepping ~*~*~tactically~*~*~ (outnumbered).
   310 | D:1      | Reached XP level 3. HP: 21/21 MP: 3/3
   394 | D:1      | 394 ||| Stepping ~*~*~tactically~*~*~ (outnumbered).
   404 | D:1      | Reached skill level 5 in Ranged Weapons
   579 | D:1      | 579 ||| UPGRADING to ring of positive energy.
   580 | D:1      | 580 ||| READING scroll labelled YTAKEIRR TUDE.
   581 | D:1      | 581 ||| DRINKING 2 murky purple potions.
   582 | D:1      | 582 ||| DRINKING 2 smoky pink potions.
   583 | D:1      | 583 ||| DROPPING scroll of butterflies.
   767 | D:2      | 767 ||| Stepping ~*~*~tactically~*~*~ (water).
  1422 | D:2      | 1422 ||| UPGRADING to +0 pair of gloves.
  1427 | D:2      | 1427 ||| READING scroll labelled GIMOEFU PEGESOA.
  1428 | D:2      | 1428 ||| READING scroll labelled IXEOMUMP EKHUDEL.
  1429 | D:2      | 1429 ||| READING scroll labelled GOSHRO COMI.
  1430 | D:2      | 1430 ||| DRINKING 2 sapphire potions.
  1431 | D:2      | 1431 ||| DRINKING 3 fuming green potions.
  1432 | D:2      | 1432 ||| READING 2 scrolls of identify.
  1432 | D:2      | 1432 ||| IDENTIFYING fuming pink potion
  1433 | D:2      | 1433 ||| DROPPING potion of lignification.
  1515 | D:3      | 1515 ||| PLANNING SEWER
  1517 | D:3      | Noticed Robin
  1518 | D:3      | 1518 ||| STAIRDANCE
  1524 | D:2      | Reached skill level 3 in Fighting
  1545 | D:3      | 1545 ||| STAIRDANCE
  1547 | D:3      | Reached XP level 4. HP: 25/28 MP: 4/4
  1548 | D:3      | 1548 ||| STAIRDANCE
  1551 | D:2      | HP: 5/28 [goblin/+2 dagger of distortion[Robin] (4)]
  1551 | D:2      | HP: 2/28 [goblin/+0 dagger[Robin] (3)]
  1552 | D:2      | 1552 ||| DRINKING 2 potions of heal wounds.
  1552 | D:2      | Slain by a goblin

Levels and vault maps discovered:
D:1:      shiori_arrival_maze, layout_rooms, dreamdust_mushroom_princess,
          minmay_pentomino_q4
D:2:      layout_basic, chequers_serial_rivers_marsh
D:3:      layout_rooms, mainiacjoe_overflow_tiny_flanked, portal_sewer_entry_a,
          uniq_crazy_yiuf_cottage, uniq_robin, uniq_grinder

Skill      XL: |  1  2  3 |
---------------+----------+-----
Ranged Weapons | 5 |  5.0
Fighting       | 3 |  3.2
Dodging        | |  1.5
Stealth        | |  1.1

Action                     |  1- 3 |  4- 6 || total
---------------------------+-------+-------++-------
   Fire: Shortbow          |   118 |     3 ||   121
    Use: Scroll            |     5 |       ||     5
         Potion            |     4 |     1 ||     5
 Armour: Leather armour    |    55 |    14 ||    69
  Dodge: Dodged            |    49 |    12 ||    61

Table legend:
 A = Non-vault XP
 B = Vault XP
 C = Vault XP percentage of total XP
 D = Non-vault monster count
 E = Vault monster count
 F = Vault count percentage of total count
                 A         B        C        D         E       F
            +---------+---------+-------+---------+---------+-------
      Total |      55 |      29 |  34.5 |      32 |      10 |  23.8
            +---------+---------+-------+---------+---------+-------
        D:1 |      35 |      13 |  27.1 |      20 |       7 |  25.9
        D:2 |      20 |      13 |  39.4 |      12 |       1 |   7.7
        D:3 |       0 |       3 | 100.0 |       0 |       2 | 100.0
            +---------+---------+-------+---------+---------+-------
